 Dungeon Crawl Stone Soup version 0.24-a0-769-g368c1644f8 (webtiles) character file.

Game seed: 9196960027193448983, levelgen mode: deterministic

743 Erk the Covered (level 8, -2/61 (63) HPs)
             Began as a Human Fighter on Oct 5, 2019.
             Slain by an ogre
             ... wielding a +0 giant club
              (9 damage)
             ... on level 5 of the Dungeon.
             The game lasted 00:54:52 (7040 turns).

Erk the Covered (Human Fighter)                     Turns: 7040, Time: 00:54:52

HP:   -2/61 (63)    AC: 14    Str: 19    XL:     8   Next: 5%
MP:   8/8           EV:  4    Int:  9    God:
Gold: 197           SH: 10    Dex: 12    Spells: 7/7 levels left

rFire    . . .     SeeInvis +   F - +2 dagger (vamp)
rCold    . . .     Gourm    .   c - +0 shield
rNeg     . . .     Faith    .   L - -1 plate armour
rPois    .         Spirit   .   I - +0 helmet
rElec    .         Reflect  .   (no cloak)
rCorr    +         Harm     .   (no gloves)
MR       .....                  v - +0 pair of boots
Stlth    ..........             (no amulet)
HPRegen  0.20/turn              D - ring of see invisible
MPRegen  0.11/turn              m - ring of resist corrosion

@: no status effects
A: no striking features
a: no special abilities


You were on level 5 of the Dungeon.
You were hungry.

You visited 1 branch of the dungeon, and saw 5 of its levels.

You collected 197 gold pieces.

Inventory:

Hand Weapons
 a - a +1 long sword
 e - a +3 whip
 i - a +0 halberd
 k - a +1 whip of pain
 F - a +2 vampiric dagger (weapon)
 J - a +0 war axe
 M - a +0 hunting sling
Missiles
 h - 109 stones
 y - 34 arrows
 B - 39 bolts
 H - 5 boomerangs (quivered)
 P - 8 sling bullets
Armour
 c - a +0 shield (worn)
 p - a +0 chain mail
 r - the +2 robe "Xinur" {Regen+ Str-3 Dex+7, unknown}
   (You found it on level 5 of the Dungeon)

   It affects your strength (-3).
   It affects your dexterity (+7).
   It increases your rate of regeneration.
 v - a +0 pair of boots (worn)
 C - a +1 leather armour of magic resistance
 I - a +0 helmet (worn)
 L - a -1 plate armour (worn)
Jewellery
 m - a ring of resist corrosion (right hand)
 s - an uncursed ring of magical power {unknown}
 z - an uncursed ring of see invisible
 A - an uncursed ring of magical power {unknown}
 D - a ring of see invisible (left hand)
Wands
 n - a wand of random effects (15)
Scrolls
 j - 2 scrolls of fog
 w - 4 scrolls of teleportation
 x - 2 scrolls of amnesia
 E - 2 scrolls of enchant weapon
 K - a scroll of remove curse
 O - a scroll of blinking
Potions
 b - a potion of lignification
 d - a potion of might
 g - a potion of invisibility
 l - a potion of ambrosia {unknown}
 o - 2 potions of brilliance {unknown}
 q - 3 potions of haste
 t - a potion of magic
 u - a potion of berserk rage {unknown}
 G - 2 potions of flight {unknown}
 N - 2 potions of resistance {unknown}
Comestibles
 f - 5 rations


   Skills:
 + Level 5.6 Fighting
 - Level 2.0 Long Blades
 * Level 5.7 Armour
 + Level 5.6 Shields


You had 7 spell levels left.
You didn't know any spells.
Your spell library was empty.

Dungeon Overview and Level Annotations

Branches:
Dungeon (5/15)             Temple (0/1) D:5

Altars:
Vehumet


Message History

You hit the ogre.
You feel better.
The ogre is almost dead.
The ogre hits you with a +0 giant club!!
* * * LOW HITPOINT WARNING * * *
You closely miss the ogre.
The ogre is almost dead.
You hit the ogre.
You feel better.
The ogre is almost dead.
The ogre hits you with a +0 giant club.
* * * LOW HITPOINT WARNING * * *
Okay, then.
You are too injured to fight recklessly!
You hit the ogre.
You feel better.
The ogre is almost dead.
The ogre hits you with a +0 giant club!
* * * LOW HITPOINT WARNING * * *
You hit the ogre but do no damage.
The ogre is almost dead.
The ogre hits you with a +0 giant club!
You die...

.................#####
..........<......#...#
.................#...#
.................#...#
..........>......#...#
..##...#.........'...#
.#..#.#..........#...+
.#....#..#.......#...#
..#....##.......@#####
.....>......##+##O....#
..##....#...# .....#
.#..#....#..# .....#
....#.#..#..# .....#
...#...##...# .....#
............# #####..
####.......## ..
#########


You could see an ogre.

Vanquished Creatures
  Eustachio (D:5)
  A sky beast (D:5)
  An ogre (D:5)
  A necrophage (D:5)
  2 jellies
  2 hounds (D:4)
  A gnoll shaman (D:3)
  4 adders
  7 gnolls
  A shadow imp (D:5)
  An ooze (D:2)
  An adder skeleton (D:4)
  2 worms (D:3)
  3 dart slugs
  2 leopard geckos
  8 orcs
  A ball python (D:1)
  2 giant cockroaches
  3 goblins
  12 hobgoblins
  6 jackals
  A quokka (D:4)
  2 bats (D:1)
  5 frilled lizards
  3 kobolds
  6 rats
79 creatures vanquished.

Notes
Turn   | Place    | Note
-------+----------+-------------------------------------------
     0 | D:1      | Erk the Human Fighter began the quest for the Orb.
     0 | D:1      | Reached XP level 1. HP: 18/18 MP: 1/1
   216 | D:1      | Reached XP level 2. HP: 21/24 MP: 2/2
  1161 | D:1      | Reached XP level 3. HP: 15/29 MP: 3/3
  1781 | D:2      | Reached XP level 4. HP: 33/37 MP: 4/4
  2929 | D:3      | Reached XP level 5. HP: 42/42 MP: 5/5
  3465 | D:4      | Noticed an ogre
  4189 | D:2      | HP: 1/43 [ogre/+0 giant spiked club (15)]
  4878 | D:4      | Reached XP level 6. HP: 43/49 MP: 6/6
  5218 | D:5      | Entered Level 5 of the Dungeon
  6407 | D:5      | Noticed an ogre
  6424 | D:5      | Killed an ogre
  6424 | D:5      | Reached skill level 5 in Fighting
  6424 | D:5      | Reached skill level 5 in Shields
  6424 | D:5      | Reached XP level 7. HP: 45/56 MP: 7/7
  6507 | D:5      | Got a creamy pearl robe
  6534 | D:5      | Reached skill level 5 in Armour
  6596 | D:5      | Found a radiant altar of Vehumet.
  6676 | D:5      | Found a staircase to the Ecumenical Temple.
  6714 | D:5      | Noticed Eustachio
  6831 | D:5      | Killed Eustachio
  6831 | D:5      | Reached XP level 8. HP: 25/61 MP: 8/8
  7040 | D:5      | Slain by an ogre

Levels and vault maps discovered:
D:1:      giann_forest_graveyard, layout_basic
D:2:      layout_loops_ring
D:3:      layout_loops_cross
D:4:      layout_cave_pods, minivault_4, corexii_item_surrounded_by_moat
D:5:      layout_gridville, fiery_altar_vehumet, minmay_temple_entry_mini_moons,
          first_ration, uniq_eustachio

Skill      XL: |  1  2  3  4  5  6  7 |
---------------+----------------------+-----
Shields        | 4 5 |  5.6
Fighting       | 4 5 |  5.6
Armour         | 4 5 |  5.7
Long Blades    | |  2.0

Action                   |  1- 3 |  4- 6 |  7- 9 || total
-------------------------+-------+-------+-------++-------
Melee: Long sword        |    11 |       |       ||    11
       Dagger            |       |    10 |   138 ||   148
 Fire: Hunting sling     |   105 |   394 |       ||   499
  Use: Scroll            |     2 |     8 |     1 ||    11
       Potion            |       |     7 |       ||     7
  Eat: Ration            |     1 |     2 |       ||     3
       Chunk             |       |     7 |     1 ||     8
Armor: Scale mail        |    25 |       |       ||    25
       Chain mail        |    12 |    64 |       ||    76
       Plate armour      |       |   111 |   105 ||   216
       Skin              |       |    12 |       ||    12
Dodge: Dodged            |    18 |    46 |    35 ||    99
Block: Shield            |    48 |   165 |    72 ||   285
       Rpst.: Long sword |     1 |       |       ||     1

Table legend:
 A = Non-vault XP
 B = Vault XP
 C = Vault XP percentage of total XP
 D = Non-vault monster count
 E = Vault monster count
 F = Vault count percentage of total count
                 A         B        C        D         E       F
            +---------+---------+-------+---------+---------+-------
      Total |     865 |     197 |  18.5 |      78 |       1 |   1.3
            +---------+---------+-------+---------+---------+-------
        D:1 |      38 |       0 |   0.0 |      15 |       0 |   0.0
        D:2 |      75 |       0 |   0.0 |      20 |       0 |   0.0
        D:3 |      93 |       0 |   0.0 |      18 |       0 |   0.0
        D:4 |     195 |       0 |   0.0 |      16 |       0 |   0.0
        D:5 |     464 |     197 |  29.8 |       9 |       1 |  10.0
            +---------+---------+-------+---------+---------+-------
